 Dungeon Crawl Stone Soup version 0.20.1-1-g8b1a95d (webtiles) character file.

1004 LarsimusPrime the Basher (level 8, -5/105 HPs)
             Began as a Minotaur Berserker on Sept 17, 2017.
             Was a Priest of Trog.
             Slain by a yak (7 damage)
             ... on level 5 of the Dungeon.
             The game lasted 00:12:04 (3720 turns).

LarsimusPrime the Basher (Minotaur Berserker)       Turns: 3720, Time: 00:12:04

Health: -5/105     AC:  7    Str: 27    XL:     8   Next: 0%
Magic:  7/7        EV: 12    Int:  4    God:    Trog [***...]
Gold:   177        SH:  0    Dex: 12    Spells: 7/7 levels left

rFire    . . .     SeeInvis .   a - +0 mace
rCold    . . .     Gourm    .   (no shield)
rNeg     . . .     Faith    .   y - +0 scale mail
rPois    .         Spirit   .   (helmet restricted)
rElec    .         Reflect  .   (no cloak)
rCorr    .         Harm     .   (no gloves)
MR       .....                  (no boots)
Stlth    ..........             s - amulet of magic regeneration
Regen    0.3/turn               (no ring)
MPRegen  0.2/turn               (no ring)

@: berserking, very quick
A: retaliatory headbutt, horns 2
a: Berserk, Trog's Hand, Burn Spellbooks, Renounce Religion


You were on level 5 of the Dungeon.
You worshipped Trog.
Trog was most pleased with you.
You were hungry.

You visited 1 branch of the dungeon, and saw 5 of its levels.

You collected 177 gold pieces.

Inventory:

Hand Weapons
 a - a +0 mace (weapon)
Missiles
 h - 114 stones (quivered)
 E - 2 tomahawks
Armour
 b - a +0 animal skin
 u - a +0 ring mail
 y - a +0 scale mail (worn)
Jewellery
 s - an amulet of magic regeneration (around neck)
 D - an uncursed ring of wizardry {unknown}
 H - an uncursed ring of positive energy {unknown}
Wands
 z - a wand of lightning (5/15)
Scrolls
 d - 6 scrolls of identify {unknown}
 i - 2 scrolls of enchant weapon {unknown}
 j - a scroll of recharging {unknown}
 n - 3 scrolls of remove curse {unknown}
 o - 2 scrolls of immolation {unknown}
 q - a scroll of amnesia {unknown}
 v - a scroll of blinking {unknown}
 C - a scroll of random uselessness {unknown}
 F - a scroll of enchant armour {unknown}
 G - a scroll of teleportation {unknown}
Potions
 e - 2 potions of might {unknown}
 g - 2 potions of heal wounds {unknown}
 k - 2 potions of degeneration {unknown}
 l - 2 potions of ambrosia {unknown}
 r - a potion of berserk rage {unknown}
 t - a potion of agility {unknown}
 x - 2 potions of curing
 A - a potion of brilliance {unknown}
 B - a potion of invisibility {unknown}
Comestibles
 c - 2 bread rations
 f - 5 chunks of flesh
 m - 8 fruits
 p - 3 meat rations
 w - 5 royal jellies


   Skills:
 + Level 6.2 Fighting
 + Level 8.1 Maces & Flails
 + Level 0.2 Throwing
 + Level 6.1 Armour
 + Level 3.4 Dodging
 + Level 0.3 Stealth


You had 7 spell levels left.
You didn't know any spells.

Dungeon Overview and Level Annotations

Branches:
Dungeon (5/15)
 Temple: D:4-7

Altars:
Ashenzari
Hepliaklqana
Okawaru
Uskayaw


Innate Abilities, Weirdness & Mutations

You reflexively headbutt those who attack you in melee.
You have a pair of horns on your head.


Message History

The yak gores you.
* * * LOW HITPOINT WARNING * * *
The yak barely misses you.
You thump the yak!
The yak is almost dead.
The yak closely misses you.
You closely miss the yak. Your headbutt misses the yak.
The yak is severely wounded.
The yak closely misses you.
You sock the yak!
You kill the yak!
Trog accepts your kill.
Your Maces & Flails skill increases to level 8!
Your Armour skill increases to level 6!
You have reached level 8!
You feel stronger.
You hit the yak.
The yak is lightly wounded.
The yak gores you!
You die...

####### #######
##.....# #........
##......# #.........
#.......# #.........
#.......## #.........
#........####.........
#.....$..Y@##.........
#.......##Y..........#
#.......####........#
#.......# #.......##
#.......# #..######
......### ##.## #..###
#..# ### ##.# #.##


You could see 2 yaks.

Vanquished Creatures
  2 yaks (D:5)
  A phantom (D:5)
  A centaur (D:5)
  Blork the orc (D:5)
  A scorpion (D:5)
  2 howler monkeys
  A hound (D:4)
  2 orc priests
  A centaur skeleton (D:4)
  3 iguanas
  6 adders
  An ooze (D:2)
  An adder skeleton (D:4)
  A dart slug (D:1)
  4 worms
  7 leopard geckos
  8 orcs
  A ball python (D:3)
  8 giant cockroaches
  6 goblins
  8 hobgoblins
  12 jackals
  A quokka (D:3)
  6 bats
  5 frilled lizards
  A jackal skeleton (D:4)
  6 kobolds
  A leopard gecko skeleton (D:4)
  A quokka skeleton (D:4)
  5 rats
104 creatures vanquished.

Notes
Turn   | Place    | Note
-------+----------+-------------------------------------------
     0 | D:1      | LarsimusPrime the Minotaur Berserker began the quest for the Orb.
     0 | D:1      | Reached XP level 1. HP: 19/19 MP: 0/0
   204 | D:1      | Reached XP level 2. HP: 22/27 MP: 1/1
   574 | D:1      | Reached skill level 4 in Maces & Flails
   722 | D:1      | Reached XP level 3. HP: 31/34 MP: 2/2
   927 | D:2      | Reached ** piety under Trog
  1483 | D:3      | Reached skill level 5 in Maces & Flails
  1484 | D:3      | Reached XP level 4. HP: 39/41 MP: 3/3
  1497 | D:3      | Found an iron altar of Okawaru.
  1855 | D:3      | Reached XP level 5. HP: 29/47 MP: 4/4
  1997 | D:3      | Reached *** piety under Trog
  2361 | D:4      | Found a shattered altar of Ashenzari.
  2449 | D:4      | Reached XP level 6. HP: 44/55 MP: 5/5
  2451 | D:4      | Reached skill level 5 in Fighting
  2451 | D:4      | Reached skill level 6 in Maces & Flails
  2657 | D:4      | Found a hazy altar of Hepliaklqana.
  2782 | D:4      | Found a hide-covered altar of Uskayaw.
  2924 | D:5      | Entered Level 5 of the Dungeon
  3225 | D:5      | Reached skill level 5 in Armour
  3265 | D:5      | Noticed Blork the orc
  3278 | D:5      | Killed Blork the orc
  3278 | D:5      | Reached skill level 7 in Maces & Flails
  3278 | D:5      | Reached XP level 7. HP: 49/61 MP: 6/6
  3693 | D:5      | Noticed a yak
  3693 | D:5      | Noticed a yak
  3694 | D:5      | Noticed a yak
  3694 | D:5      | Noticed a yak
  3712 | D:5      | Killed a yak
  3716 | D:5      | HP: 1/94 [yak (5)]
  3719 | D:5      | Killed a yak
  3719 | D:5      | Reached skill level 8 in Maces & Flails
  3719 | D:5      | Reached XP level 8. HP: 1/70 MP: 7/7
  3720 | D:5      | Slain by a yak

Skill      XL: |  1  2  3  4  5  6  7 |
---------------+----------------------+-----
Fighting       | 4 5 6 |  6.2
Maces & Flails | 4 5 7 8 |  8.1
Armour         | 3 4 5 6 |  6.1
Dodging        | 3 |  3.4
Throwing       | |  0.2
Stealth        | |  0.3

Action                   |  1- 3 |  4- 6 |  7- 9 || total
-------------------------+-------+-------+-------++-------
Melee: Mace              |    97 |   126 |    55 ||   278
       Headbutt          |    11 |    28 |    11 ||    50
Throw: Stone             |     9 |       |       ||     9
Invok: Berserk           |       |     2 |     2 ||     4
 Stab: Sleeping          |     1 |       |       ||     1
  Eat: Chunk             |     2 |     6 |     4 ||    12
Armor: Animal skin       |    20 |       |       ||    20
       Ring mail         |     4 |    10 |       ||    14
       Scale mail        |       |    27 |    17 ||    44
Dodge: Dodged            |    70 |    74 |    34 ||   178
